 Dungeon Crawl Stone Soup version 0.14-a0-1570-g671a4b6 (webtiles) character file.

64 Piginabag the Vexing (level 3, -3/24 HPs)
             Began as a Formicid Enchanter on Dec 21, 2013.
             Slain by a hound (5 damage)
             ... on Level 1 of the Dungeon.
             The game lasted 00:04:06 (1152 turns).

Piginabag the Vexing (Formicid Enchanter)           Turns: 1152, Time: 00:04:06

HP  -3/24        AC  4     Str 12      XL: 3   Next: 23%
MP   1/6         EV 12     Int 14      God:
Gold 42          SH  0     Dex 12      Spells:  3 memorised,  0 levels left

rFire  . . .     SeeInvis +     a - +1,+2 dagger
rCold  . . .     Clarity  .     b - +1 robe
rNeg   . . .     Conserve .     (no shield)
rPois  .         rCorr    .     (helmet unavailable)
rElec  .         rRot     .     (no cloak)
SustAb . .       Spirit   .     (no gloves)
rMut   .         Warding  .     (no boots)
Gourm  +         Stasis   +     n - amulet of the gourmand
                                (no ring)
                                p - ring of poison resistance

@: slightly resistant to hostile enchantments, fairly stealthy
A: permanent stasis, dig shafts and tunnels, four strong arms, poison weakness,
antennae 3, exoskeleton 1
a: Dig, Shaft Self


You were on level 1 of the Dungeon.
You were not hungry.

You visited 1 branch of the dungeon, and saw 1 of its levels.

You collected 42 gold pieces.

Inventory:

Hand weapons
 a - a +1,+2 dagger (weapon)
Missiles
 d - 12 darts (quivered)
 q - 7 silver tomahawks
Armour
 b - a +1 robe (worn)
Comestibles
 f - 2 bread rations
 o - a meat ration
Scrolls
 g - 3 scrolls of enchant weapon II
 h - a scroll of teleportation {unknown}
Jewellery
 n - an amulet of the gourmand (around neck)
 p - a ring of poison resistance (left hand)
Potions
 e - 2 potions of curing {unknown}
 l - 2 potions of lignification {unknown}
Books
 c - a book of Maledictions

   Spells                             Type                      Level
   *Corona                            Hexes                        1
   *Sure Blade                        Hexes/Charms                 2
   Ensorcelled Hibernation            Hexes/Ice                    2
   *Confuse                           Hexes                        3
   Enslavement                        Hexes                        4
   Invisibility                       Hexes                        6


   Skills:
 + Level 1.2 Short Blades
 + Level 0.7 Throwing
 + Level 2.0 Dodging
 + Level 2.7 Stealth
 + Level 2.2 Spellcasting
 + Level 4.1 Hexes


You couldn't memorise any spells.
You knew the following spells:

 Your Spells              Type           Power        Failure   Level  Hunger
a - Corona                Hex            ##.....      4%          1    #......
b - Sure Blade            Hex/Chrm       #.........   17%         2    ###....
c - Confuse               Hex            ##......     14%         3    ####...


Dungeon Overview and Level Annotations

Branches:
Dungeon (1/16)

Altars:


Innate Abilities, Weirdness & Mutations

Your are under a permanent stasis effect.
You can dig through walls and to a lower floor.
Your four strong arms can wield any weapon, most with a shield.
You are susceptible to poison.
You have a pair of large antennae on your head (SInv).
Your body is surrounded by an exoskeleton. (HP +5, AC +1)


Message History

Confirm with . or Enter, or press ? or * to list all spells.
Aiming: Confuse
Press: ? - help, Shift-Dir - straight line, f/p - hound
Aim: a hound (heavily wounded, softly glowing)
The hound resists with some effort.
The bond with your blade fades away. The hound bites you.
* * * LOW HITPOINT WARNING * * *
The hound barely misses you.
You hit the hound.
The hound is almost dead.
The hound bites you.
* * * LOW HITPOINT WARNING * * *
You hit the hound but do no damage.
The hound is almost dead.
The hound stops glowing.
The hound completely misses you.
You hit the hound.
The hound is almost dead.
The hound barely misses you. The hound bites you.
You die...

##.....### #.P....# #♣.♣.♣.♣.#
#####P♣..#.#### ###.####.#
#.....♣.P...... #.# #.#
#...#..♣♣P.P#.. #.# #.#
####......P♣PP.... #%# #.#
#........P♣.♣♣..#. #.# #.#
#........%..P♣♣... #.#
#.#####.h>......#...♣.P. ### #.#
#.#....@##(...###...PP.# ..# #.#
#.#.###.##....# #..#P..% #.# #.#
#..)....##....###..###%. #.#
#.####......................# #.#
#............##.##.#.######.#
#.########.#.######.##.#.# #.#
.......(.(.#.######.##.#.######.#
.###########............#.......#
## ####...P..###.##...###


You could see a hound.

Vanquished Creatures
  A giant cockroach (D:1)
  A goblin (D:1)
  4 hobgoblins (D:1)
  5 kobolds (D:1)
  A ball python (D:1)
  7 bats (D:1)
  2 rats (D:1)
21 creatures vanquished.

Notes
Turn   | Place    | Note
--------------------------------------------------------------
     0 | D:1      | Piginabag, the Formicid Enchanter, began the quest for the Orb.
     0 | D:1      | Reached XP level 1. HP: 15/15 MP: 3/3
   209 | D:1      | Reached XP level 2. HP: 16/20 MP: 4/4
   266 | D:1      | Reached skill level 4 in Hexes
   475 | D:1      | Learned a level 2 spell: Sure Blade
   879 | D:1      | Reached XP level 3. HP: 18/24 MP: 1/6
   930 | D:1      | Learned a level 3 spell: Confuse
  1152 | D:1      | Slain by a hound

Action                   || total
-------------------------++-------
Melee: Dagger            ||   111
 Cast: Corona            ||     7
       Sure Blade        ||     4
       Confuse           ||     1
  Use: Scroll            ||     7
 Stab: Sleeping          ||     1
